 Dungeon Crawl Stone Soup version 0.21.1-1-g345015f (webtiles) character file.

414 goulibeur the Agent of Entropy (level 6, -7/48 HPs)
             Began as a Demonspawn Abyssal Knight on July 12, 2018.
             Was a Priest of Lugonu.
             Killed from afar by an orc wizard (8 damage)
             ... with a magic dart
             ... on level 4 of the Dungeon.
             The game lasted 00:13:36 (4602 turns).

goulibeur the Agent of Entropy (DsAK)               Turns: 4602, Time: 00:13:37

Health: -7/48      AC: 10    Str: 12    XL:     6   Next: 60%
Magic:  10/10      EV: 11    Int: 14    God:    Lugonu [***...]
Gold:   185        SH:  0    Dex: 14    Spells: 5/5 levels left

rFire    . . .     SeeInvis .   B - +4 long sword
rCold    + . .     Gourm    .   (no shield)
rNeg     . . .     Faith    .   y - +0 ring mail
rPois    .         Spirit   .   x - +0 helmet
rElec    .         Reflect  .   k - +0 cloak (curse)
rCorr    .         Harm     .   e - +0 pair of gloves (curse)
MR       .....                  n - +0 pair of boots
Stlth    +.........             (no amulet)
HPRegen  0.16/turn              (no ring)
MPRegen  0.12/turn              (no ring)

@: slowed, very slow
A: cold resistance 1
a: Depart the Abyss, Bend Space, Banish, Renounce Religion


You were on level 4 of the Dungeon.
You worshipped Lugonu.
Lugonu was most pleased with you.
You were very hungry.

You visited 1 branch of the dungeon, and saw 4 of its levels.
You visited the Abyss 1 time.

You collected 185 gold pieces.

Inventory:

Hand Weapons
 a - a +1 short sword
 r - a +0 short sword of venom
 B - a +4 long sword (weapon)
Armour
 b - a +0 leather armour
 d - a +1 hat
 e - a cursed +0 pair of gloves (worn)
 k - a cursed +0 cloak (worn)
 l - a +0 helmet
 n - a +0 pair of boots (worn)
 x - a +0 helmet (worn)
 y - a +0 ring mail (worn)
Wands
 t - a wand of iceblast (12)
 w - a wand of paralysis (9)
Scrolls
 f - 2 scrolls of magic mapping {unknown}
 g - 2 scrolls of remove curse {unknown}
 h - 2 scrolls of amnesia {unknown}
 j - 8 scrolls of identify {unknown}
 m - a scroll of random uselessness {unknown}
 p - a scroll of fear {unknown}
 q - 2 scrolls of enchant weapon {unknown}
 C - a scroll of teleportation {unknown}
 D - a scroll of blinking {unknown}
Potions
 i - 3 potions of degeneration {unknown}
 o - 2 potions of might {unknown}
 s - a potion of haste {unknown}
 u - a potion of flight {unknown}
 z - a potion of curing {unknown}
 A - a potion of heal wounds
Comestibles
 c - 10 rations


   Skills:
 + Level 4.3 Fighting
 - Level 1.7 Short Blades
 + Level 3.2 Armour
 + Level 2.7 Dodging
 * Level 6.1 Invocations


You had 5 spell levels left.
You didn't know any spells.

Dungeon Overview and Level Annotations

Branches:
Dungeon (4/15)
 Temple: D:4-7

Altars:
Ashenzari
Hepliaklqana
Makhleb
Sif Muna
Zin

Annotations:
D:3 Grinder


Innate Abilities, Weirdness & Mutations

Your flesh is cold resistant. (rC+)


Message History

Lugonu accepts your kill.
The orc wizard points at you and mumbles some strange words.
The magic dart hits you!
* * * LOW HITPOINT WARNING * * *
The orc wizard barely misses you. The orc wizard closely misses you.
You miss the orc wizard.
The orc wizard is moderately wounded.
The orc wizard hits you but does no damage. x2
The orc wizard barely misses you.
You closely miss the orc wizard.
The orc wizard is moderately wounded.
The orc wizard hits you with a dagger.
* * * LOW HITPOINT WARNING * * *
The orc wizard barely misses you.
The orc wizard hits you but does no damage.
You closely miss the orc wizard.
The orc wizard is moderately wounded.
The orc wizard gestures at you while chanting.
The magic dart hits you!
You die...

......####.#
#.#
##.........#
##.#
##.#########
#..# ##.#
###'### ##.#
#≈≈.§≈#
##.#####
#≈#.#≈#
##.....#
#≈._.§#
######.#
#≈#o#≈# #
#.# #≈§@≈≈#
# #.#
###'### #
#.# #))# #.#
...# #.#
#####
######.#
.).....#
.#######
#.######.#


You could see an orc wizard.

Vanquished Creatures
  A bullfrog zombie (D:3)
  An orc priest (D:4)
  2 orc wizards (D:3)
  Ijyb (D:3)
  Natasha (thrice) (D:3)
  Robin (D:3)
  4 adders
  3 gnolls (D:4)
  An ooze (D:4)
  5 worms (D:3)
  6 dart slugs
  3 leopard geckos (D:4)
  4 orcs
  A ball python (D:1)
  4 giant cockroaches
  12 goblins
  11 hobgoblins
  7 jackals (D:4)
  3 quokkas
  7 bats
  5 frilled lizards
  5 kobolds
  7 rats
97 creatures vanquished.

Notes
Turn   | Place    | Note
-------+----------+-------------------------------------------
     0 | Abyss:1  | goulibeur the Demonspawn Abyssal Knight began the quest for the Orb.
     0 | Abyss:1  | Reached XP level 1. HP: 18/18 MP: 2/2
    85 | Abyss:1  | Found a corrupted altar of Lugonu.
   127 | Abyss:1  | Found a corrupted altar of Lugonu.
   187 | Abyss:1  | Noticed a ynoxinul
   188 | D:1      | Escaped the Abyss
   321 | D:1      | Reached skill level 1 in Dodging
   638 | D:1      | Gained mutation: Your flesh is cold resistant. (rC+) [demonic ancestry]
   638 | D:1      | Reached XP level 2. HP: 23/24 MP: 4/4
   951 | D:1      | Reached skill level 3 in Invocations
  1200 | D:1      | Reached * piety under Lugonu
  1549 | D:2      | Reached XP level 3. HP: 29/29 MP: 5/5
  1588 | D:2      | Found a glowing silver altar of Zin.
  1923 | D:2      | Found a deep blue altar of Sif Muna.
  2014 | D:3      | Noticed Ijyb
  2015 | D:3      | Paralysed by Ijyb for 5 turns
  2028 | D:3      | Paralysed by Ijyb for 4 turns
  2035 | D:3      | Killed Ijyb
  2035 | D:3      | Reached skill level 4 in Invocations
  2035 | D:3      | Reached XP level 4. HP: 35/35 MP: 5/7
  2046 | D:3      | Noticed Robin
  2076 | D:3      | Killed Robin
  2087 | D:3      | Reached ** piety under Lugonu
  2190 | D:3      | Noticed Natasha
  2197 | D:3      | Killed Natasha
  2454 | D:3      | Reached XP level 5. HP: 34/42 MP: 8/8
  2712 | D:3      | Found a faded altar of an unknown god.
  2732 | D:3      | Noticed Natasha
  2744 | D:3      | Killed Natasha
  2744 | D:3      | Reached skill level 5 in Invocations
  3230 | D:3      | Noticed Grinder
  3232 | D:3      | Noticed Natasha
  3245 | D:3      | Killed Natasha
  3245 | D:3      | Reached XP level 6. HP: 39/48 MP: 10/10
  3293 | D:3      | Paralysed by Grinder for 5 turns
  3376 | D:3      | Paralysed by Grinder for 5 turns
  3980 | D:4      | Found a burning altar of Makhleb.
  4005 | D:4      | Found a hazy altar of Hepliaklqana.
  4022 | D:4      | Found a burning altar of Makhleb.
  4023 | D:4      | Noticed a balrug
  4144 | D:4      | Reached *** piety under Lugonu
  4156 | D:4      | Reached skill level 6 in Invocations
  4583 | D:4      | Found a shattered altar of Ashenzari.
  4601 | D:4      | HP: 1/48 [orc wizard/dagger (4)]
  4602 | D:4      | Killed from afar by an orc wizard

Skill      XL: |  1  2  3  4  5  6 |
---------------+-------------------+-----
Dodging        | 1 2 |  2.7
Armour         | 2 3 |  3.2
Invocations    | 3 4 5 6 |  6.1
Fighting       | 4 |  4.3
Short Blades   | |  1.7

Action                   |  1- 3 |  4- 6 || total
-------------------------+-------+-------++-------
Melee: Short sword       |   136 |   202 ||   338
       Long sword        |       |    45 ||    45
Invok: Depart the Abyss  |     1 |       ||     1
  Eat: Chunk             |     4 |     7 ||    11
Armor: Leather armour    |    52 |    12 ||    64
       Ring mail         |       |    92 ||    92
Dodge: Dodged            |    75 |   171 ||   246
       Rpst.: Long sword |       |     9 ||     9
